 Dungeon Crawl Stone Soup version 0.30-a0-782-ge64f9170bb (webtiles) character file.

Game seed: 8274495497894455145

1690 arthad the Summoner (level 8, 0/34 HPs)
             Began as a Felid Summoner on Feb 18, 2023.
             Engulfed by a steam dragon's steam (2 damage)
             ... on level 6 of the Dungeon on Feb 19, 2023.
             The game lasted 00:30:27 (5796 turns).

arthad the Summoner (Felid Summoner)                Turns: 5796, Time: 00:30:28

Health: 0/34       AC:  2    Str:  4    XL:     8   Next: 72%
Magic:  17/26      EV: 19    Int: 19    God:
Gold:   320        SH:  0    Dex: 16    Spells: 5/18 levels left
                                        Lives:  0   Deaths: 2

rFire   . . .      SeeInvis +      - Unarmed
rCold   + . .      Faith    .    (shield unavailable)
rNeg    . . .      Spirit   .    (body armour unavailable)
rPois   .          Reflect  .    (helmet unavailable)
rElec   .          Harm     .    (cloak unavailable)
rCorr   .          Rampage  .    (gloves unavailable)
Will    +....                    (boots unavailable)
Stlth   ++                       (no amulet)
HPRegen 0.25/turn                e - ring of magical power
MPRegen 0.20/turn                r - ring of protection from cold

@: quick
A: very small, claws 1, fangs 3, see invisible, speed 1, shaggy fur 2, stealthy
paws, no weapons or thrown items, no armour, multi-lived
a: no special abilities


You were on level 6 of the Dungeon.
You visited 2 branches of the dungeon, and saw 7 of its levels.
You also visited: Sewer.

You collected 320 gold pieces.

Inventory:

Jewellery
 e - a ring of magical power (left paw)
 r - a ring of protection from cold (right paw)
Scrolls
 c - a scroll of vulnerability
 d - a scroll of enchant armour
 h - 8 scrolls of identify
 l - a scroll of silence
 o - a scroll of poison {unknown}
 p - a scroll of fear
 u - a scroll of enchant weapon
Potions
 a - a potion of magic
 b - 3 potions of berserk rage
 g - a potion of degeneration
 i - 2 potions of mutation {unknown}
 j - a potion of attraction
 k - 2 potions of heal wounds
 m - a potion of brilliance
 n - 3 potions of might
 q - a potion of curing {unknown}
 s - 2 potions of cancellation
 t - a potion of flight {unknown}


   Skills:
 + Level 3.0 Fighting
 + Level 5.1 Dodging
 - Level 2.6 Stealth
 + Level 3.0 Unarmed Combat
 * Level 5.8 Spellcasting
 - Level 5.0 Hexes
 * Level 8.0 Summonings
 * Level 4.7 Air Magic


You had 5 spell levels left.
You knew the following spells:

 Your Spells              Type           Power      Damage    Failure   Level
a - Summon Small Mammal   Summ           100%       N/A       1%          1
b - Call Imp              Summ           36%        N/A       1%          2
c - Call Canine Familiar  Summ           36%        N/A       1%          3
d - Summon Guardian Gole  Hex/Summ       30%        N/A       2%          3
e - Summon Lightning Spi  Summ/Air       29%        N/A       9%          4

Your spell library contained the following spells:

 Spells                   Type           Power      Damage    Failure   Level
 Apportation              Tloc           10%        N/A       12%         1
 Magic Dart               Conj           20%        1d4       12%         1
 Necrotise                Necr           20%        1d5       12%         1
 Cause Fear               Hex            12%        N/A       14%         4
 Searing Ray              Conj           10%        2d4       17%         2
 Gell's Gravitas          Tloc           5%         N/A       34%         3
 Teleport Other           Tloc           5%         N/A       34%         3
 Vampiric Draining        Necr           5%         2d6       34%         3
 Fulminant Prism          Conj/Hex       7%         3d6       38%         4
 Agony                    Necr           5%         N/A       97%         5
 Alistair's Intoxication  Tmut/Pois      3%         N/A       97%         5
 Dispersal                Tloc           2%         N/A       100%        6
 Dragon Form              Tmut           2%         N/A       100%        7
 Dragon's Call            Summ           18%        N/A       100%        9


Dungeon Overview and Level Annotations

Branches:
Dungeon (6/15)             Temple (1/1) D:4           Sewer (visited)

Altars:
Ashenzari
Cheibriados
Dithmenos
Elyvilon
Fedhas
Hepliaklqana
Kikubaaqudgha
Makhleb
Okawaru
Qazlal
Ru
Sif Muna
Trog
Uskayaw
Vehumet
Xom
Yredelemnul
Zin
The Shining One

Annotations:
D:4 1 runed translucent door


Innate Abilities, Weirdness & Mutations

You have sharp claws.
You have razor-sharp teeth.
You have supernaturally acute eyesight. (SInv)
You cover ground quickly. (Speed+)
You are covered in thick fur. (AC +2)
Your paws help you pounce on unaware monsters.
You are incapable of wielding weapons or throwing items.
You cannot wear armour.
You gain extra lives every three experience levels.


Message History

A steam dragon is nearby!
Casting: Call Canine Familiar (safe; 1% risk of failure)
Confirm with . or Enter, or press ? or * to list all spells.
An electric hum fills the air.
The steam dragon hisses angrily.
Casting: Summon Lightning Spire (quite dangerous; 9% risk of failure)
Confirm with . or Enter, or press ? or * to list all spells.
A guardian golem appears, shielding your allies.
You swap places.
The steam dragon breathes steam at you.
The ball of steam hits your guardian golem.
Your guardian golem resists.
The ball of steam hits you!
Casting: Summon Guardian Golem (dangerous; 2% risk of failure)
Confirm with . or Enter, or press ? or * to list all spells.
You are engulfed in a cloud of scalding steam.
You are engulfed in a cloud of scalding steam.
* * * LOW HITPOINT WARNING * * *
What are your orders? t - Meow!
Orders for allies: a - Attack new target. r - Retreat! s - Stop attacking. g - Guard the area. f - Follow me.
Anything else - Cancel.
Gang up on whom?
Press: ? - help, Dir - move target, f - steam dragon
Aim: a steam dragon (steam, catching its breath) Attack!
Your hound completely misses the steam dragon.
Your hound is engulfed in a cloud of scalding steam.
Your hound closely misses the steam dragon.
The steam dragon breathes steam at you.
The ball of steam hits your guardian golem.
Your guardian golem resists.
The ball of steam hits you!
* * * LOW HITPOINT WARNING * * *
As you read the scroll labelled ARAECZ JILOE, it crumbles to dust.
You feel aware of your surroundings.
It was a scroll of magic mapping.
You are engulfed in a cloud of scalding steam.
You die...

.## #.# *,* * .# #.# ###****,* .#
#.# #..,,,,,* '## #.# #.#***,,* *
..# #.# #.# *,,** ** .#### ##.#
#.#***,,.* **, ###.## ##.†#
#.#*,,...***,,
##...####...########8##.....**,,,
#..#h[##......§§@9§D.<......,+,,,
..###.###....#######h##...##**,,,
..##...##.........##.§.,,.# **,,
.###....#.##.####.#####.#** **,
.# ##._.#.##.## #.# *,,,# ** ##
##∩##.##..# #.# *,*** * ##
####.###.# #.# *,* .# #.###.###.#
*,* .########.........# *,* *


You could see a friendly guardian golem (summoned).

Vanquished Creatures
  A giant cockroach (D:1)
  A goblin (D:1)
  A quokka (D:4)
  A kobold (D:1)
  A rat (D:2)
5 creatures vanquished.

Vanquished Creatures (collateral kills)
  Sigmund (D:4)
  Edmund (D:5)
  An ice beast (D:5)
  An ogre (D:5)
  2 kobold brigands
  3 necrophages
  2 scorpions (D:5)
  2 jellies (D:4)
  2 orc priests (D:5)
  4 hounds
  A human skeleton (D:4)
  3 iguanas (D:5)
  A nameless horror (D:5)
  5 adders
  5 shadow imps
  A white imp (D:5)
  5 ufetubi (Sewer)
  A worm (D:3)
  A dart slug (D:2)
  12 orcs
  5 ball pythons
  A bat zombie (Sewer)
  6 endoplasms
  3 giant cockroaches
  9 goblins
  5 hobgoblins
  29 kobolds
  A quokka (D:1)
  8 bats
  4 frilled lizards
  3 rats
128 creatures vanquished.

Vanquished Creatures (others)
  Pikel (D:4)
  Grinder (Sewer)
  A water moccasin (D:6)
  2 ogres
  A lemure (D:4)
  A bullfrog (D:6)
  A wight (Sewer)
  A hound skeleton (D:6)
9 creatures vanquished.

Grand Total: 142 creatures vanquished

Notes
Turn   | Place    | Note
-------+----------+-------------------------------------------
     0 | D:1      | arthad the Felid Summoner began the quest for the Orb.
     0 | D:1      | Reached XP level 1. HP: 7/7 MP: 4/4
   188 | D:1      | Reached XP level 2. HP: 11/11 MP: 0/6
   206 | D:1      | Learned a level 2 spell: Call Imp
   486 | D:1      | Found a faded altar of an unknown god.
   992 | D:2      | Reached skill level 5 in Summonings
   993 | D:2      | Reached XP level 3. HP: 14/14 MP: 7/7
  1083 | D:2      | Learned a level 3 spell: Call Canine Familiar
  1508 | D:3      | Reached skill level 1 in Hexes
  1803 | D:3      | Reached XP level 4. HP: 18/18 MP: 8/8
  1950 | D:3      | Found a glowing drain.
  1972 | Sewer    | Entered a sewer
  2142 | Sewer    | Slain by an ufetubus
  2143 | Sewer    | Reached XP level 3. HP: -3/14 MP: 13/16
  2210 | Sewer    | Reached XP level 4. HP: 16/18 MP: 8/8
  2342 | Sewer    | Noticed a kobold brigand
  2358 | Sewer    | Noticed Grinder
  2392 | Sewer    | Killed a kobold brigand
  2393 | Sewer    | Reached skill level 1 in Air Magic
  2393 | Sewer    | Reached XP level 5. HP: 21/21 MP: 1/10
  2578 | Sewer    | Found an ancient bone altar of Kikubaaqudgha.
  2589 | Sewer    | Learned a level 3 spell: Summon Guardian Golem
  2832 | Sewer    | Killed Grinder
  2833 | Sewer    | Reached skill level 6 in Summonings
  2833 | Sewer    | Gained mutation: You are covered in thick fur. (AC +2)
                  | [Felid growth]
  2833 | Sewer    | Reached XP level 6. HP: 19/24 MP: 12/12
  2891 | Sewer    | Reached skill level 5 in Hexes
  2959 | Sewer    | Reached XP level 7. HP: 27/27 MP: 13/13
  3352 | D:3      | Learned a level 4 spell: Summon Lightning Spire
  3410 | D:3      | Found a stormy altar of Qazlal.
  3410 | D:3      | Found an iron altar of Okawaru.
  3455 | D:4      | Noticed Pikel
  3497 | D:4      | Killed Pikel
  3498 | D:4      | Reached skill level 1 in Fighting
  3498 | D:4      | Reached skill level 1 in Unarmed Combat
  3498 | D:4      | Reached XP level 8. HP: 32/32 MP: 1/15
  3532 | D:4      | Reached skill level 7 in Summonings
  3728 | D:4      | Found a runed translucent door.
  3757 | D:4      | Found a basalt altar of Yredelemnul.
  3874 | D:4      | Found a snail-covered altar of Cheibriados.
  3902 | D:4      | Noticed Sigmund
  3915 | D:4      | Killed Sigmund
  4037 | D:4      | Found a staircase to the Ecumenical Temple.
  4094 | D:4      | Found an opulent altar of Gozag.
  4096 | D:4      | Found a glowing golden altar of the Shining One.
  4096 | D:4      | Found a shadowy altar of Dithmenos.
  4098 | D:4      | Found a shadowy altar of Dithmenos.
  4098 | D:4      | Found a glowing silver altar of Zin.
  4098 | D:4      | Found a shimmering altar of Xom.
  4205 | Temple   | Entered the Ecumenical Temple
  4390 | D:5      | Entered Level 5 of the Dungeon
  4416 | D:5      | Reached skill level 5 in Spellcasting
  4639 | D:5      | Noticed Edmund
  4663 | D:5      | Killed by an exploding themself... ignited by their inner
                  | flame
  4664 | D:5      | Reached XP level 7. HP: -25/30 MP: 7/24
  4691 | D:5      | Killed Edmund
  4787 | D:5      | Reached XP level 8. HP: 30/34 MP: 17/17
  5551 | D:6      | Found a burning altar of Makhleb.
  5567 | D:6      | Reached skill level 5 in Dodging
  5716 | D:6      | Reached skill level 8 in Summonings
  5796 | D:6      | Engulfed by a steam dragon's steam

Illustrated notes

Levels and vault maps discovered:
D:1:      tarquinn_simple_flora_water_e, layout_rooms, basic_ecumenical_altar
D:2:      layout_rooms
D:3:      layout_loops_ring, amethyst_overflow_temple_binary,
          portal_sewer_entry_d, nrook_campfire, kennysheep_decorative_pillar,
          bh_walls_and_bars
D:4:      layout_basic, doesnt_xom_only_xom, dk_yredelemnul_ordeal,
          mainiacjoe_overflow_cross_hatched, minmay_temple_entry_ruins,
          uniq_pikel, uniq_sigmund
D:5:      layout_rooms, uniq_grinder, uniq_edmund
D:6:      layout_loops_corners, makhleb_blood_cavern_becter
Temple:   nicolae_temple_ecumenical_triangle

Skill      XL: |  1  2  3  4  5  6  7  8 |
---------------+-------------------------+-----
Summonings     | 5 6 8 |  8.0
Hexes          | 2 3 4 5 |  5.0
Air Magic      | 1 2 3 4 |  4.7
Spellcasting   | 3 4 5 |  5.8
Fighting       | 1 3 |  3.0
Dodging        | 3 5 |  5.1
Unarmed Combat | 1 3 |  3.0
Stealth        | |  2.6

Action                     |  1- 3 |  4- 6 |  7- 9 || total
---------------------------+-------+-------+-------++-------
  Melee: Unarmed           |    13 |    17 |    28 ||    58
         Punch             |     1 |       |     1 ||     2
         Bite              |     1 |     1 |     3 ||     5
   Cast: Summon Small Mamm |    45 |    17 |     4 ||    66
         Call Imp          |    14 |    14 |    16 ||    44
         Call Canine Famil |     9 |    14 |    35 ||    58
         Summon Guardian G |       |     5 |    22 ||    27
         Summon Lightning  |       |       |     7 ||     7
    Use: Scroll            |    10 |     1 |     3 ||    14
         Potion            |       |     1 |     1 ||     2
 Armour: Skin              |     2 |     3 |     4 ||     9
  Dodge: Dodged            |    24 |    50 |    43 ||   117

Table legend: (Time is in decaauts)
 A = Elapsed time spent in this place.
 B = Non-inter-level travel time spent in this place.
 C = Inter-level travel time spent in this place.
 D = Time resting spent in this place.
 E = Time spent auto-exploring this place.
 F = Levels seen in this place.
 G = Mean time per level.
                   A        B        C        D        E       F      G
               +--------+--------+--------+--------+--------+-----+--------+
         Total |   5187 |   5091 |     96 |     85 |   3372 |   8 |  648.4 |
       Dungeon |   4100 |   4004 |     96 |      0 |   2769 |   6 |  683.3 |
        Temple |     37 |     37 |      0 |      0 |     14 |   1 |   37.0 |
         Sewer |   1049 |   1049 |      0 |     85 |    588 |   1 | 1049.0 |
               +--------+--------+--------+--------+--------+-----+--------+

Top non-repeatable levels by time:
   Sewer: 1049 daAuts
     D:1: 821 daAuts
     D:3: 804 daAuts
     D:4: 696 daAuts
     D:5: 692 daAuts
     D:6: 571 daAuts
     D:2: 514 daAuts
  Temple: 37 daAuts
